 Dungeon Sprint DCSS version 0.31-a0-664-g902f515a81 (webtiles) character file.

Game seed: 15415116115370634670

2871 rocky1 the Carver (level 10, -8/78 HPs)
             Began as a Djinni Gladiator on Sept 3, 2023.
             Was an Initiate of Gozag.
             Mangled by Erolcha
             ... wielding a +0 giant spiked club
              (21 damage)
             ... in the Dungeon (Sprint III: "The Ten Rune Challenge").
             The game lasted 00:10:30 (2744 turns).

rocky1 the Carver (Djinni Gladiator)                Turns: 2744, Time: 00:10:30

Health: -8/78      AC: 15    Str: 13    XL:     10   Next: 5%
Gold:   398        EV: 12    Int: 10    God:    Gozag SH: 14 Dex: 19

rFire   + + .        j - +0 long sword (holy)
rCold   x . .        z - +5 Storm Queen's Shield {shock, Fly rElec}
rNeg    . . .        x - +2 scale mail {rPois}
rPois   ∞            c - +0 helmet
rElec   +            k - +0 cloak
rCorr   .            y - +2 pair of gloves {hurl}
SInv    .            (boots unavailable)
Will    +....        (no amulet)
Stlth   +            (no ring)
HPRegen 0.33/turn    (no ring)
MPRegen 0.00/turn

%: no teleportation, infuse magic (-9 HP)
@: gold aura, flying
A: sickness immunity, fire resistance 2, cold vulnerability 1, float, innate
caster, HP casting, extra vitality 1
a: Renounce Religion, Potion Petition, Call Merchant, Bribe Branch


You were in the Dungeon.
You worshipped Gozag.
Gozag was aware of your devotion.
You visited 1 branch You collected 3760 gold pieces.
You spent 2898 gold pieces at shops.
You paid 464 gold pieces to Gozag.

Inventory:

Hand Weapons
 j - a +0 long sword of holy wrath (weapon)
Missiles
 e - a javelin
 l - a throwing net
 s - 8 boomerangs
Armour
 c - a +0 helmet (worn)
 i - a +2 robe of fire resistance
 k - a +0 cloak (worn)
 x - a +2 scale mail of poison resistance (worn)
 y - a +2 pair of gloves of hurling (worn)
 z - the +5 Storm Queen's Shield (worn) {shock, Fly rElec}
   (You bought it in a shop in the Dungeon)

   Shock:     When it blocks an attack, it may electrocute the attacker.
   This works even against foes who are a short distance away.
   rElec:     It insulates you from electricity.
   Fly:       It grants you flight.
Wands
 d - a wand of flame (20)
 h - a wand of mindburst (8)
Scrolls
 n - 4 scrolls of immolation
 o - a scroll of identify
 r - a scroll of fear
Potions
 f - a potion of curing
 m - 5 potions of mutation
 p - a potion of cancellation
 q - 2 potions of enlightenment
 t - a potion of might
Miscellaneous
 g - a tin of tremorstones (2/2)


   Skills:
 + Level 9.6 Fighting
 + Level 13.5 Long Blades
 - Level 2.5 Throwing
 + Level 5.6 Armour
 + Level 9.4 Dodging
 - Level 3.6 Stealth
 * Level 2.3 Shields
 - Level 2.8 Spellcasting
 - Level 2.8 Conjurations
 - Level 2.8 Hexes
 - Level 2.8 Summonings
 - Level 2.8 Necromancy
 - Level 2.8 Translocations
 - Level 2.8 Transmutations
 - Level 2.8 Fire Magic
 - Level 2.8 Ice Magic
 - Level 2.8 Air Magic
 - Level 2.8 Earth Magic
 - Level 2.8 Poison Magic
 * Level 7.1 Evocations


You knew the following spells:

 Your Spells              Type           Power      Damage    Failure   Level
a - Sting                 Tmut/Pois      28%        1d4       80%         1
b - Momentum Strike       Conj/Tloc      14%        3d8       90%         2
c - Hailstorm             Conj/Ice       7%         3d4       99%         3
d - Vampiric Draining     Necr           7%         2d6       99%         3
Your spell library was empty.

Dungeon Overview and Level Annotations

Branches:
Dungeon (1/1)

Altars:
Cheibriados
Dithmenos
Elyvilon
Fedhas
Gozag
Hepliaklqana
Makhleb
Nemelex Xobeh
Okawaru
Qazlal
Ru
Trog
Uskayaw
Wu Jian
Xom
Yredelemnul
Zin
The Shining One
Jiyva
Lugonu

Shops:
D [*

Annotations:
D Erolcha


Innate Abilities, Weirdness & Mutations

You are immune to sickness and miasma.
You are immune to poison.
Your flesh is very heat resistant. (rF++)
You are vulnerable to cold. (rC-)
You float through the air rather than walking.
You learn spells naturally, not from books.
Your magical power is your life essence.
You have superior vitality. (+4 MHP)


Message History

The two-headed ogre closely misses you. You block the two-headed ogre's attack.
Your shield discharges, shocking the two-headed ogre!
Erolcha drops a net on you.
You become entangled in the net!
You struggle against the net.
You tear a large gash into the net.
The two-headed ogre hits you with a +0 giant club.
The two-headed ogre completely misses you.
You shred the net and break free!
Erolcha points at you and mumbles some strange words.
You barely miss the two-headed ogre.
The two-headed ogre is severely wounded.
The two-headed ogre closely misses you. You block the two-headed ogre's attack.
You block Erolcha's attack.
Your shield discharges, shocking Erolcha!
You hit the two-headed ogre.
The two-headed ogre is almost dead.
The two-headed ogre hits you with a +0 giant club!!
You block the two-headed ogre's attack.
You slash the two-headed ogre!
You kill the two-headed ogre!
Erolcha misses you.
Your Shields skill increases to level 2!
Your Evocations skill increases to level 7!
You have reached level 10!
You hit Erolcha.
Erolcha is severely wounded.
You hit Erolcha but do no damage.
Erolcha is severely wounded.
Erolcha hits you with a +0 giant spiked club!!
* * * LOW HITPOINT WARNING * * *
You hit Erolcha.
Erolcha is severely wounded.
You block Erolcha's attack.
You hit Erolcha.
Erolcha is severely wounded.
You slash Erolcha!
Erolcha is almost dead.
Erolcha hits you with a +0 giant spiked club!!
You die...
Your body crumbles into a pile of gold.

##'##).)))))..##
....#))..))....#
....#.#)#.###..#
###'#.##### #.##
#..)#'##############
#.).#....#.#.#.....#
#.∩)##.#..#.##)###.# .
#.[.'##.#.#.##.#$.##^...
'...#...#..#..##@O'^^.^.^
▓▓▓▓▓▓▓▓▓▓▓▓▓▓▓▓▓▓#^.....
^..... ^.... ^.... ####


You could see Erolcha.

Vanquished Creatures
  An orc high priest (D)
  A deep elf pyromancer (D)
  A shadow (D)
  A spatial vortex (D)
  2 orc warriors (D)
  5 two-headed ogres (D)
  A necrophage (D)
  A water elemental (D)
  A jelly (D)
  Crazy Yiuf (D)
  2 orc priests (D)
  Jessica (D)
  A wizard (D)
  A necromancer (D)
  An orc wizard (D)
  3 humans (D)
  A kobold demonologist (D)
  12 orcs (D)
  3 rats (D)
40 creatures vanquished.

Notes
Turn   | Place    | Note
-------+----------+-------------------------------------------
     0 | D        | rocky1 the Djinni Gladiator began the quest for the Orb.
     0 | D        | Reached XP level 1. HP: 18/18 MP: 0/0
    29 | D        | Reached skill level 3 in Long Blades
    36 | D        | Noticed Jessica
    49 | D        | Killed Jessica
    50 | D        | Reached skill level 4 in Long Blades
    50 | D        | Reached XP level 2. HP: 16/24 MP: 0/0
    50 | D        | Reached XP level 3. HP: 20/29 MP: 0/0
    50 | D        | Learned a level 1 spell: Sting
   225 | D        | Reached skill level 1 in Armour
   225 | D        | Reached skill level 5 in Dodging
   263 | D        | Noticed Crazy Yiuf
   271 | D        | Killed Crazy Yiuf
   272 | D        | Reached skill level 5 in Long Blades
   272 | D        | Reached XP level 4. HP: 14/35 MP: 0/0
   354 | D        | Noticed a water elemental
   363 | D        | Killed a water elemental
   364 | D        | Reached skill level 6 in Long Blades
   364 | D        | Reached skill level 1 in Stealth
   364 | D        | Reached XP level 5. HP: 35/41 MP: 0/0
   364 | D        | Learned a level 2 spell: Momentum Strike
   589 | D        | Noticed a shadow
   604 | D        | Killed a shadow
   605 | D        | Reached skill level 5 in Fighting
   605 | D        | Reached skill level 7 in Long Blades
   605 | D        | Reached skill level 1 in Spellcasting
   605 | D        | Reached skill level 1 in Conjurations
   605 | D        | Reached skill level 1 in Hexes
   605 | D        | Reached skill level 1 in Summonings
   605 | D        | Reached skill level 1 in Necromancy
   605 | D        | Reached skill level 1 in Translocations
   605 | D        | Reached skill level 1 in Transmutations
   605 | D        | Reached skill level 1 in Fire Magic
   605 | D        | Reached skill level 1 in Ice Magic
   605 | D        | Reached skill level 1 in Air Magic
   605 | D        | Reached skill level 1 in Earth Magic
   605 | D        | Reached skill level 1 in Poison Magic
   605 | D        | Reached XP level 6. HP: 14/49 MP: 0/0
   607 | D        | Reached skill level 8 in Long Blades
   615 | D        | Found a blossoming altar of Fedhas.
   615 | D        | Found a stormy altar of Qazlal.
   615 | D        | Found a snail-covered altar of Cheibriados.
   615 | D        | Found a burning altar of Makhleb.
   615 | D        | Found a shimmering altar of Xom.
   616 | D        | Found a hazy altar of Hepliaklqana.
   616 | D        | Found an opulent altar of Gozag.
   616 | D        | Found a sparkling altar of Nemelex Xobeh.
   616 | D        | Found a corrupted altar of Lugonu.
   616 | D        | Found a viscous altar of Jiyva.
   616 | D        | Noticed a spatial vortex
   878 | D        | Became a worshipper of Gozag Ym Sagoz the Greedy
  1111 | D        | Killed a spatial vortex
  1112 | D        | Reached skill level 9 in Long Blades
  1112 | D        | Reached XP level 7. HP: 6/56 MP: 0/0
  1112 | D        | Learned a level 3 spell: Hailstorm
  1298 | D        | Found a basalt altar of Yredelemnul.
  1298 | D        | Found a shadowy altar of Dithmenos.
  1298 | D        | Found a sacrificial altar of Ru.
  1349 | D        | Noticed a smoke demon
  1350 | D        | Noticed an ice devil
  1352 | D        | HP: 1/57 [ice devil[a kobold demonologist] (12)]
  1716 | D        | Found a glowing silver altar of Zin.
  1716 | D        | Found a glowing golden altar of the Shining One.
  1716 | D        | Found a white marble altar of Elyvilon.
  1717 | D        | Noticed a deep elf pyromancer
  1722 | D        | Noticed a fire elemental
  1722 | D        | Noticed a fire elemental
  1731 | D        | Noticed a fire elemental
  1737 | D        | HP: 1/57 [fire elemental[a deep elf pyromancer] (2)]
  1741 | D        | Killed a deep elf pyromancer
  1742 | D        | Reached skill level 11 in Long Blades
  1742 | D        | Reached XP level 8. HP: 19/64 MP: 0/0
  2001 | D        | Found a hide-covered altar of Uskayaw.
  2001 | D        | Found an iron altar of Okawaru.
  2001 | D        | Found a bloodstained altar of Trog.
  2001 | D        | Found an ornate altar of the Wu Jian Council.
  2001 | D        | Noticed a human
  2002 | D        | Noticed a human
  2006 | D        | Killed a human
  2009 | D        | Killed a human
  2127 | D        | Reached XP level 9. HP: 49/70 MP: 0/0
  2127 | D        | Learned a level 3 spell: Vampiric Draining
  2130 | D        | Reached skill level 12 in Long Blades
  2130 | D        | Reached skill level 5 in Evocations
  2211 | D        | Found Uqutoguv's General Store.
  2211 | D        | Noticed an orc high priest
  2215 | D        | Noticed a sixfirhy
  2217 | D        | Noticed a soul eater
  2218 | D        | Killed an orc high priest
  2219 | D        | Reached skill level 13 in Long Blades
  2219 | D        | Reached skill level 5 in Armour
  2320 | D        | Bought a scroll of fear for 56 gold pieces
  2320 | D        | Bought 5 boomerangs for 140 gold pieces
  2320 | D        | Bought a potion of might for 56 gold pieces
  2495 | D        | Bought jewelled swamp dragon scales for 1265 gold pieces
  2495 | D        | Identified the +0 swamp dragon scales of the Lich-sworn
                  | {Fly rPois Dex+3 Slay-5 Stlth+} (You bought it in a shop in
                  | the Dungeon)
  2495 | D        | Bought a shiny scale mail for 161 gold pieces
  2495 | D        | Bought a pair of glowing gloves for 172 gold pieces
  2495 | D        | Bought the +5 Storm Queen's Shield {shock, Fly rElec} for
                  | 1048 gold pieces
  2495 | D        | Found the +5 Storm Queen's Shield {shock, Fly rElec}
  2532 | D        | Noticed a two-headed ogre
  2545 | D        | Killed a two-headed ogre
  2546 | D        | Reached skill level 1 in Shields
  2720 | D        | Noticed Erolcha
  2720 | D        | Noticed a two-headed ogre
  2739 | D        | Killed a two-headed ogre
  2740 | D        | Reached XP level 10. HP: 37/78 MP: 0/0
  2744 | D        | Mangled by Erolcha

Illustrated notes

Levels and vault maps discovered:
D:        dungeon_sprint_mu [sprint_mu_entry_cave, sprint_mu_temple_rooms,
          sprint_mu_d1_spiders, sprint_mu_d2_genie, sprint_mu_d3_branching,
          sprint_mu_orc_legion, sprint_mu_elf_gauntlet, sprint_mu_hive_nellie,
          sprint_mu_lair_fedhas, sprint_mu_vaults_butterflies,
          sprint_mu_slime_circle, sprint_mu_swamp_cave, sprint_mu_shoals_kraken,
          sprint_mu_blade_basic, sprint_mu_crypt_fortress,
          sprint_mu_tomb_spiral, sprint_mu_vestibule_basic,
          sprint_mu_gehenna_hellfire, sprint_mu_dis_giant,
          sprint_mu_tartarus_statrot, sprint_mu_cocytus_islands, sprint_mu_zot1]

Skill      XL: |  1  2  3  4  5  6  7  8  9 |
---------------+----------------------------+-----
Long Blades    | 4 5 6 7 9 11 13 | 13.5
Throwing       | 2 |  2.5
Dodging        | 4 5 6 7 8 9 |  9.4
Fighting       | 3 4 5 6 7 8 9 |  9.6
Armour         | 1 2 3 4 5 |  5.6
Stealth        | 1 2 3 |  3.6
Spellcasting   | 1 2 |  2.8
Conjurations   | 1 2 |  2.8
Hexes          | 1 2 |  2.8
Summonings     | 1 2 |  2.8
Necromancy     | 1 2 |  2.8
Translocations | 1 2 |  2.8
Transmutations | 1 2 |  2.8
Fire Magic     | 1 2 |  2.8
Ice Magic      | 1 2 |  2.8
Air Magic      | 1 2 |  2.8
Earth Magic    | 1 2 |  2.8
Poison Magic   | 1 2 |  2.8
Evocations     | 3 4 7 |  7.1
Shields        | 2 |  2.3

Action                     |  1- 3 |  4- 6 |  7- 9 | 10-12 || total
---------------------------+-------+-------+-------+-------++-------
  Melee: Long sword        |    58 |    45 |    78 |     5 ||   186
         Punch             |       |     1 |       |       ||     1
  Throw: Throwing net      |     3 |       |       |       ||     3
 Invoke: Call Merchant     |       |       |     1 |       ||     1
  Evoke: Tin of tremorston |       |       |     8 |       ||     8
    Use: Potion            |       |     3 |     1 |       ||     4
         Scroll            |       |       |     3 |       ||     3
   Stab: Held in net/web   |     3 |       |       |       ||     3
 Armour: Leather armour    |    21 |    12 |    10 |       ||    43
         Robe              |       |       |    89 |       ||    89
         Scale mail        |       |       |    11 |     2 ||    13
  Dodge: Dodged            |    41 |     9 |    54 |       ||   104
  Block: Kite shield       |       |       |    14 |     1 ||    15

Table legend: (Time is in decaauts)
 A = Elapsed time spent in this place.
 B = Non-inter-level travel time spent in this place.
 C = Inter-level travel time spent in this place.
 D = Time resting spent in this place.
 E = Time spent auto-exploring this place.
 F = Levels seen in this place.
 G = Mean time per level.
                   A        B        C        D        E       F      G
               +--------+--------+--------+--------+--------+-----+--------+
         Total |   2761 |   2753 |      8 |   1992 |     25 |   1 | 2761.0 |
       Dungeon |   2761 |   2753 |      8 |   1992 |     25 |   1 | 2761.0 |
               +--------+--------+--------+--------+--------+-----+--------+

Top non-repeatable levels by time:
       D: 2761 daAuts
